[Event "Team 45 45 League T51"]
[Site "Internet Chess Club"]
[Date "2011.12.12"]
[Round "5"]
[White "Schack"]
[Black "kidviper"]
[Result "0-1"]
[WhiteElo "1653"]
[BlackElo "1981"]
[Opening "Sicilian: accelerated fianchetto, Maróczy bind, 6.Be3"]
[ECO "B38"]
[Time "10:00:30"]
[TimeControl "2700+45"]

1. e4 c5 2. Nf3 Nc6 3. d4 cxd4 4. Nxd4 g6 5. c4 Bg7 6. Be3 Nf6 7. Nc3 Qa5 8. Nb3
Qd8 9. Qd2 O-O 10. Be2 d6 11. O-O Ne5 12. f4 Neg4 13. Bd4 e5 14. fxe5 dxe5 15.
Bc5 Qxd2 16. Nxd2 Rd8 17. Nd5 Nxd5 18. cxd5 b6 19. Ba3 Ne3 20. Rfc1 f5 21. Rc3
Bh6 22. Nc4 Nxc4 23. Bxc4 Kf7 24. exf5 gxf5 25. Rd1 f4 26. d6+ Be6 27. Bb5 Rac8
28. Rdc1 Rxc3 29. Rxc3 Bf8 30. Rc7+ Kf6 31. Rxh7 Bxd6 32. Rh6+ Ke7 33. Rh7+ Kf6
34. Rh6+ Kf7 35. Bxd6 Rxd6 36. Be2 Rd2 37. Kf1 Bd5 38. Bf3 Bxf3 39. gxf3 Rxb2
40. Rh7+ Ke6 41. Rxa7 Rxh2 42. Rb7 Rb2 43. a4 Kd5 44. a5 Kc6 45. a6 Ra2 46. Re7
Kd6 47. Ra7 Kc5 48. Ra8 Kd4 49. a7 Ke3 50. Rb8 Rxa7 51. Rxb6 Kxf3 52. Rb3+ Kg4
53. Kf2 Ra2+ 54. Kf1 e4 55. Rc3 e3 56. Rb3 Kf3 57. Rb1 Rd2 58. Ke1 Rh2 {White
resigns} 0-1

[Event "Team 45 45 League T51"]
[Site "Internet Chess Club"]
[Date "2011.12.09"]
[Round "5"]
[White "Warpdrive"]
[Black "az2112"]
[Result "1/2-1/2"]
[WhiteElo "1626"]
[BlackElo "1753"]
[Opening "Pirc defense"]
[ECO "B07"]
[Time "21:05:42"]
[TimeControl "2700+45"]

1. e4 d6 2. d4 Nf6 3. Nc3 g6 4. Be2 Bg7 5. Be3 c6 6. Qd2 b5 7. a3 O-O 8. h4 e5
9. dxe5 dxe5 10. Rd1 Qxd2+ 11. Rxd2 Nbd7 12. g4 a5 13. f3 b4 14. Nb1 h5 15. g5
Ne8 16. Bc4 Nc7 17. a4 Re8 18. Ne2 Ne6 19. Kf2 Ndc5 20. Bxc5 Nxc5 21. b3 Be6 22.
Bxe6 Nxe6 23. Rd6 Rac8 24. Nd2 Bf8 25. Rd7 Bc5+ 26. Kg3 Red8 27. Rxd8+ Rxd8 28.
Nc4 Ra8 29. Rd1 Nd4 30. Nxd4 Bxd4 31. f4 exf4+ 32. Kxf4 Bf2 33. Rd6 Bxh4 34.
Rxc6 Bf2 35. Rd6 {Game drawn by mutual agreement} 1/2-1/2

[Event "Team 45 45 League T51"]
[Site "Internet Chess Club"]
[Date "2011.12.13"]
[Round "5"]
[White "clarinetref"]
[Black "kidcobra"]
[Result "1-0"]
[WhiteElo "1658"]
[BlackElo "1586"]
[Opening "Nimzovich-Larsen attack: classical variation"]
[ECO "A01"]
[Time "10:05:06"]
[TimeControl "2700+45"]

1. b3 d5 2. Bb2 Nf6 3. e3 Bg4 4. Nf3 e6 5. h3 Bh5 6. Be2 c5 7. d4 Nbd7 8. Nbd2
a6 9. c4 Be7 10. O-O O-O 11. cxd5 exd5 12. dxc5 Nxc5 13. Rc1 Nce4 14. Nd4 Bxe2
15. Qxe2 Nxd2 16. Qxd2 Qd7 17. Nf3 Rac8 18. Rxc8 Rxc8 19. Rd1 Rc5 20. b4 Rb5 21.
a3 Ne4 22. Qd3 Qd8 23. Nd4 Rb6 24. Nf5 Nf6 25. Nxe7+ Qxe7 26. Bxf6 gxf6 27. Qxd5
Kg7 28. Qd4 Qc7 29. Qd7 Qc2 30. Qg4+ Kh6 31. Rd5 Rb5 32. Qh5+ Kg7 33. Rxb5 axb5
34. Qxb5 Qc1+ 35. Kh2 Qc7+ 36. g3 Qc2 37. Qf1 Qb2 38. Qg2 Qxa3 39. Qxb7 Qb2 40.
Kg2 Qb3 41. b5 Qb4 42. Qc6 Qa4 43. Qc5 Qe4+ 44. Kh2 Qf3 45. Qc2 Qb7 46. Qc6 Qa7
47. b6 Qa6 48. Qc7 Qf1 49. Qf4 Qa6 50. Qb4 Qf1 51. Qb2 h5 52. b7 h4 53. gxh4 Kh7
54. Qxf6 Qd1 55. Qxf7+ Kh6 56. Qf4+ Kg6 57. b8=Q Qd5 58. Qe8+ Kh7 59. Qff7+ Qxf7
60. Qxf7+ Kh6 61. Qf6+ Kh7 62. h5 Kg8 63. h6 Kh7 64. Qg7# {Black checkmated} 1-0

[Event "Team 45 45 League T51"]
[Site "Internet Chess Club"]
[Date "2011.12.13"]
[Round "5"]
[White "gerailen0075"]
[Black "eggplant1"]
[Result "1-0"]
[WhiteElo "1835"]
[BlackElo "1714"]
[Opening "Petrov: Nimzovich attack"]
[ECO "C42"]
[Time "20:00:18"]
[TimeControl "2700+45"]

1. e4 e5 2. Nf3 Nf6 3. Nxe5 d6 4. Nf3 Nxe4 5. Nc3 Nxc3 6. dxc3 Be7 7. Bf4 Nc6 8.
Qd2 Be6 9. h4 Qd7 10. O-O-O O-O-O 11. Bb5 a6 12. Ba4 Bf6 13. Nd4 Bxd4 14. cxd4
d5 15. f3 f6 16. g4 g6 17. Rhe1 Bf7 18. Re3 Rhe8 19. Bxc6 Qxc6 20. Rc3 Qb5 21.
Rxc7+ Kb8 22. Rc5+ Ka7 23. Rxb5 axb5 24. Qa5# {Black checkmated} 1-0

[Event "Team 45 45 League T51"]
[Site "Internet Chess Club"]
[Date "2011.12.11"]
[Round "5"]
[White "tyler66"]
[Black "vvsi"]
[Result "0-1"]
[WhiteElo "1606"]
[BlackElo "1692"]
[Opening "Caro-Kann: advance variation"]
[ECO "B12"]
[Time "17:00:50"]
[TimeControl "2700+45"]

1. e4 c6 2. d4 d5 3. e5 c5 4. c3 Nc6 5. Nf3 Qb6 6. b3 Bg4 7. Bb2 e6 8. Nbd2 cxd4
9. cxd4 Bb4 10. Be2 Bxf3 11. Bxf3 Nxd4 12. Be2 Ne7 13. O-O Nxe2+ 14. Qxe2 Nc6
15. Nf3 O-O 16. a3 Be7 17. b4 Rac8 18. Rac1 a6 19. Rc2 Qb5 20. Qxb5 axb5 21.
Rfc1 Na7 22. Bd4 Rxc2 23. Rxc2 Rc8 24. Ne1 Rxc2 25. Nxc2 Nc6 26. f4 f6 27. Kf2
g5 28. exf6 Bd6 29. fxg5 e5 30. Bc5 Bc7 31. h4 b6 32. Be3 d4 33. Bd2 e4 34. g4
e3+ 35. Nxe3 dxe3+ 36. Bxe3 Ne5 37. Kg3 Ng6+ 38. Kh3 Nf4+ 39. Kg3 Nd5+ 40. Kf3
Nxe3 41. Kxe3 Bg3 42. h5 Bh4 43. Kf4 Kf7 44. Kf5 Bf2 45. g6+ hxg6+ 46. hxg6+ Ke8
47. g5 Be3 48. g7 Kf7 49. Kg4 Kg8 50. Kh5 Kh7 51. Kg4 Bc1 52. Kf5 Bxa3 53. g6+
Kg8 54. Ke5 Bxb4 55. Kd5 Bc5 56. Ke4 b4 57. Kd3 b3 58. f7+ Kxg7 59. Kc3 Kxg6 60.
Kxb3 Kxf7 61. Kc4 Ke7 62. Kb5 Kd7 63. Kc4 Kc6 64. Kb3 Kb5 65. Kc3 Ka4 66. Kb2
Kb4 67. Kb1 Ka3 68. Ka1 Bd4+ 69. Kb1 b5 70. Kc1 Ka2 71. Kc2 b4 {White resigns}
0-1

[Event "Team 45 45 League T51"]
[Site "Internet Chess Club"]
[Date "2011.12.18"]
[Round "5"]
[White "RizwanGill"]
[Black "anna"]
[Result "1/2-1/2"]
[WhiteElo "1583"]
[BlackElo "1688"]
[Opening "Ruy Lopez: Marshall counter-attack, 11...c6"]
[ECO "C89"]
[Time "08:40:53"]
[TimeControl "2700+45"]

1. e4 e5 2. Nf3 Nc6 3. Bb5 Nf6 4. O-O a6 5. Ba4 Be7 6. Re1 b5 7. Bb3 O-O 8. c3
d5 9. exd5 Nxd5 10. Nxe5 Nxe5 11. Rxe5 c6 12. Bxd5 cxd5 13. d4 Bb7 14. Nd2 Bd6
15. Re1 Qc7 16. Nf3 Rae8 17. Bg5 Bc8 18. h3 h6 19. Be3 Bf5 20. a3 Qd7 21. Qd2
Kh7 22. Bf4 Bxf4 23. Qxf4 Be4 24. Ne5 Qd6 25. Qg4 f6 26. Nf3 f5 27. Qh4 Rf6 28.
Ng5+ Kg8 29. Nxe4 fxe4 30. f3 Rf4 31. Qg3 Qf6 32. fxe4 dxe4 33. Rf1 Rxf1+ 34.
Rxf1 Qe6 35. Qe5 Qxe5 36. dxe5 Rxe5 37. Re1 Kf7 38. Kf2 Kf6 39. Ke3 Ke6 40. Rd1
Rd5 41. Rd4 Rxd4 42. Kxd4 Kf5 43. Ke3 Ke5 44. b3 Kd5 45. h4 h5 46. Kf4 a5 47.
Ke3 Ke5 48. c4 bxc4 49. bxc4 a4 50. g3 g6 51. c5 Kd5 52. c6 Kxc6 53. Kxe4 Kc5
54. Kd3 Kd5 55. Kc3 Kc5 56. Kd3 Kd5 57. Kc3 Kc5 58. Kd3 Kd5 59. Kc3 Kc5 60. Kd3
Kd5 61. Kc3 Kc5 62. Kd3 Kd5 63. Kc3 Kc5 64. Kd3 Kd5 65. Kc3 Kc5 {Game drawn by
repetition} 1/2-1/2

[Event "Team 45 45 League T51"]
[Site "Internet Chess Club"]
[Date "2011.12.11"]
[Round "5"]
[White "charles-allen"]
[Black "BigH"]
[Result "0-1"]
[WhiteElo "1905"]
[BlackElo "2243"]
[Opening "Caro-Kann: anti-Caro-Kann defense"]
[ECO "B10"]
[Time "14:24:31"]
[TimeControl "2700+45"]

1. e4 c6 2. c4 g6 3. Nf3 Bg7 4. Be2 d6 5. O-O Nf6 6. e5 dxe5 7. Nxe5 O-O 8. d4
Bf5 9. Nc3 Nbd7 10. f4 c5 11. d5 Ne8 12. g4 Nxe5 13. gxf5 Nd7 14. fxg6 fxg6 15.
Bg4 Nd6 16. Qd3 Nf5 17. Qe4 Nb6 18. Bd2 Nc8 19. Rae1 Ncd6 20. Qe6+ Kh8 21. Bxf5
Nxf5 22. Kh1 Rf6 23. Qe4 Qd7 24. Nd1 Re8 25. Bc3 Rff8 26. Be5 e6 27. dxe6 Rxe6
28. Bxg7+ Nxg7 29. Qf3 Rxe1 30. Rxe1 Qd2 31. Qc3 Qxc3 32. Nxc3 Rxf4 33. Re7 Nf5
34. Rxb7 Ne3 35. h3 Nxc4 36. Nd5 Rf2 37. Kg1 Rxb2 38. Rxa7 Nd6 39. Rd7 Ne4 40.
Re7 Rd2 41. Re5 Kg7 42. Re7+ Kh6 43. a4 Ng5 {White forfeits on time} 0-1

[Event "Team 45 45 League T51"]
[Site "Internet Chess Club"]
[Date "2011.12.09"]
[Round "5"]
[White "Nakke"]
[Black "McKnights"]
[Result "1-0"]
[WhiteElo "1912"]
[BlackElo "1848"]
[Opening "Queen's pawn game"]
[ECO "D02"]
[Time "19:25:11"]
[TimeControl "2700+45"]

1. d4 d5 2. Nf3 Bf5 3. Bf4 e6 4. e3 Nd7 5. Bd3 Ne7 6. O-O Nf6 7. Nbd2 Bxd3 8.
cxd3 Ng6 9. Bg3 Bd6 10. Qb3 b6 11. Qb5+ Qd7 12. Qxd7+ Kxd7 13. Rfc1 Rhc8 14. Rc2
h6 15. Rac1 Nh5 16. Ne5+ Nxe5 17. Bxe5 Bxe5 18. dxe5 g5 19. Rc6 Ng7 20. g4 Ne8
21. Nf3 Rcb8 22. a4 Rb7 23. b4 a5 24. b5 f5 25. gxf5 exf5 26. Rxh6 Ng7 27. Nxg5
Rg8 28. Rg6 Rbb8 29. Nh7 Nh5 30. e6+ Kd6 31. Rc6+ Ke5 32. f4+ Nxf4 33. exf4+
Kxf4 34. e7 Ke3 35. Re6+ Kxd3 36. Rxg8 Rxg8+ 37. Kf2 Re8 38. Nf6 Rh8 39. e8=Q
Rxe8 40. Nxe8 Kc4 41. h4 Kb4 42. h5 Kxa4 43. Nxc7 Kb3 44. Nxd5 a4 {Black
resigns} 1-0

[Event "Team 45 45 League T51"]
[Site "Internet Chess Club"]
[Date "2011.12.12"]
[Round "5"]
[White "ChessicalZ"]
[Black "zap2"]
[Result "0-1"]
[WhiteElo "1721"]
[BlackElo "1828"]
[Opening "Caro-Kann: Panov-Botvinnik attack, 5...e6"]
[ECO "B14"]
[Time "13:01:25"]
[TimeControl "2700+45"]

1. e4 c6 2. d4 d5 3. exd5 cxd5 4. c4 Nf6 5. Nc3 e6 6. Nf3 Bb4 7. Bd2 Nc6 8. cxd5
Nxd5 9. Bc4 O-O 10. O-O Bxc3 11. bxc3 b6 12. Qc2 h6 13. Rfe1 Bb7 14. Rad1 Rc8
15. Qd3 Na5 16. Bb3 Qc7 17. Bc2 Nf6 18. Ne5 Rfd8 19. Qg3 Kf8 20. Qh4 Ng8 21. Qf4
Nf6 22. Qh4 Ng8 23. Re3 Nc4 24. Nxc4 Qxc4 25. Bb3 Qc6 26. Rg3 Qe4 27. Rg4 Qe2
28. Qg3 g6 29. Qf4 Bd5 30. Re1 g5 31. Rxe2 gxf4 32. Rxf4 Ke7 33. Rh4 Nf6 34.
Rxh6 Rg8 35. Bxd5 Nxd5 36. Rh3 Rg4 37. Rf3 Rcg8 38. Rg3 Rxg3 39. fxg3 Rc8 40. h4
Nxc3 41. Bxc3 Rxc3 42. d5 Rxg3 43. Kf2 Ra3 44. h5 Ra5 45. dxe6 Rxh5 46. exf7+
Kxf7 47. g4 Rh3 48. Kg2 Ra3 49. Kf1 Kf6 50. Rg2 Kg5 51. Kf2 Rxa2+ 52. Kf3 Rxg2
53. Kxg2 Kxg4 54. Kf2 Kf4 55. Ke2 Ke4 56. Kd2 Kd4 57. Kc2 Kc4 58. Kb2 Kb4 59.
Ka2 a5 60. Kb2 b5 61. Ka2 Kc3 62. Kb1 Kb3 63. Ka1 a4 64. Kb1 b4 65. Ka1 Kc2 66.
Ka2 b3+ 67. Ka1 b2+ 68. Ka2 b1=Q+ 69. Ka3 Qb3# {White checkmated} 0-1

[Event "Team 45 45 League T51"]
[Site "Internet Chess Club"]
[Date "2011.12.08"]
[Round "5"]
[White "ScotchYeti"]
[Black "BraafPaard"]
[Result "1-0"]
[WhiteElo "1716"]
[BlackElo "1559"]
[Opening "Caro-Kann: Panov-Botvinnik attack"]
[ECO "B13"]
[Time "14:01:04"]
[TimeControl "2700+45"]

1. e4 c6 2. d4 d5 3. exd5 cxd5 4. c4 Nf6 5. Nc3 Nc6 6. Bg5 Be6 7. Be2 h6 8. Bxf6
exf6 9. Bf3 Bb4 10. Ne2 O-O 11. O-O Ne7 12. Nf4 Bxc3 13. bxc3 dxc4 14. Bxb7 Rb8
15. Nxe6 fxe6 16. Bf3 Qa5 17. Qe2 Qa6 18. Rfe1 Kf7 19. Rab1 Rfe8 20. Bh5+ g6 21.
Bg4 Rxb1 22. Rxb1 Nd5 23. Qd2 Kg7 24. Bf3 Re7 25. Re1 Qa5 26. Bxd5 Qxd5 27. f4
Kf7 28. Rb1 Rb7 29. Rxb7+ Qxb7 30. Kf2 a5 31. Qe2 Qb5 32. Ke3 a4 33. g3 a3 34.
h4 h5 35. Qf1 Ke7 36. Qe2 Kd6 37. Qf1 f5 38. Qe2 Qd5 39. Kf2 Qb5 40. Qe5+ Qxe5
41. fxe5+ Ke7 42. Ke3 Kf7 43. Kf4 Kg7 44. Kg5 Kf7 45. Kh6 g5 46. hxg5 h4 47.
gxh4 f4 48. Kh7 f3 49. g6+ Ke7 50. g7 f2 51. g8=Q f1=Q 52. Qg7+ Kd8 53. Qf6+
{Black resigns} 1-0

[Event "Team 45 45 League T51"]
[Site "Internet Chess Club"]
[Date "2011.12.12"]
[Round "5"]
[White "Magagna"]
[Black "SaltofLife"]
[Result "0-1"]
[WhiteElo "1912"]
[BlackElo "1973"]
[Opening "Dutch defense, Rubinstein variation"]
[ECO "A40"]
[Time "16:08:20"]
[TimeControl "2700+45"]

1. d4 e6 2. c4 f5 3. Nc3 Nf6 4. Nf3 d5 5. e3 c6 6. Qc2 Ne4 7. Bd3 Bd6 8. O-O Nd7
9. b3 g5 10. Nd2 Nxc3 11. Qxc3 g4 12. f4 O-O 13. Re1 a5 14. Nf1 Bb4 15. Qc2 Bxe1
{White resigns} 0-1

[Event "Team 45 45 League T51"]
[Site "Internet Chess Club"]
[Date "2011.12.12"]
[Round "5"]
[White "SimplyClaudia"]
[Black "ddlj81"]
[Result "1-0"]
[WhiteElo "1754"]
[BlackElo "1823"]
[Opening "QGD Slav defense: exchange variation"]
[ECO "D13"]
[Time "22:00:09"]
[TimeControl "2700+45"]

1. d4 d5 2. c4 c6 3. cxd5 cxd5 4. Nc3 Nf6 5. Nf3 a6 6. Bf4 Nc6 7. e3 Bg4 8. Be2
Bxf3 9. Bxf3 e6 10. O-O Bd6 11. Bg3 Bxg3 12. hxg3 O-O 13. Rc1 Rc8 14. Qe2 Qe7
15. Rfd1 Rfd8 16. Na4 Rc7 17. Nc5 Rdc8 18. Rc3 Na5 19. Rdc1 Nc4 20. b3 Nd6 21.
a4 b6 22. Qxa6 bxc5 23. dxc5 Nde4 24. Bxe4 Nxe4 25. R3c2 Nxc5 26. Rxc5 Qxc5 27.
Rxc5 Rxc5 28. b4 Rc1+ 29. Kh2 R8c6 30. Qb5 g5 31. g4 Kg7 32. a5 R6c4 33. a6 Rb1
34. a7 Rxg4 35. a8=Q Rbxb4 36. Qbe8 Rh4+ 37. Kg3 Kf6 38. Qad8+ Ke5 39. Qh8+ Ke4
40. Qc3 {Black resigns} 1-0

[Event "Team 45 45 League T51"]
[Site "Internet Chess Club"]
[Date "2011.12.10"]
[Round "5"]
[White "parrot9"]
[Black "Gilguli"]
[Result "0-1"]
[WhiteElo "1491"]
[BlackElo "1398"]
[Opening "Latvian: Fraser defense"]
[ECO "C40"]
[Time "12:12:55"]
[TimeControl "2700+45"]

1. e4 e5 2. Nf3 f5 3. Nxe5 Nc6 4. Qh5+ g6 5. Nxg6 Nf6 6. Qxf5 hxg6 7. Qxg6+ Ke7
8. Nc3 Rg8 9. Qf5 d6 10. Nd5+ Nxd5 11. Qxd5 Be6 12. Qh5 Kd7 13. f4 Qf6 14. f5
Bf7 15. Qf3 Re8 16. Bb5 Qh4+ 17. g3 Rxe4+ 18. Kf2 Qg4 19. h3 Qxf3+ 20. Kxf3 Re5
21. Bxc6+ Kxc6 22. Rg1 Rxf5+ 23. Ke2 Bd5 24. g4 Re5+ 25. Kf2 Be7 26. Kg3 Rh8 27.
d4 Bh4+ {White resigns} 0-1

[Event "Team 45 45 League T51"]
[Site "Internet Chess Club"]
[Date "2011.12.18"]
[Round "5"]
[White "SlimeDog2"]
[Black "Deckfuel"]
[Result "1-0"]
[WhiteElo "2144"]
[BlackElo "2006"]
[Opening "Modern defense"]
[ECO "A40"]
[Time "14:25:51"]
[TimeControl "2700+45"]

1. d4 g6 2. c4 Bg7 3. Nf3 c6 4. g3 d5 5. Qb3 e6 6. Nc3 Ne7 7. Bg2 Nf5 8. e3 Nd7
9. O-O O-O 10. Rd1 Nb6 11. c5 Nc4 12. e4 Ne7 13. Qc2 b6 14. b3 Na5 15. b4 Nc4
16. Bf4 bxc5 17. bxc5 a5 18. Bf1 Ba6 19. a4 f6 20. exd5 exd5 21. Re1 g5 22. Bc1
Qd7 23. h4 g4 24. Nd2 Nxd2 25. Bxd2 Bxf1 26. Kxf1 f5 27. Be3 Kh8 28. Ne2 Ng8 29.
Rab1 Nf6 30. Rb6 Nh5 31. Reb1 Qe6 32. Qd2 Rfe8 33. Kg1 Qe4 34. R1b3 Qe6 35. Rb7
Bf6 36. Kf1 Qe4 37. Kg1 f4 38. Nxf4 Nxf4 39. Bxf4 Bxd4 40. Be3 Be5 41. Bh6 d4
42. Qg5 Rg8 43. Qe7 Rae8 44. Qf7 d3 45. Rd7 Bd4 46. Rbb7 Bxf2+ 47. Kh2 Bxg3+ 48.
Kxg3 Qe1+ 49. Qf2 Qxf2+ 50. Kxf2 Re2+ 51. Kg3 Rg6 52. Rb8+ Rg8 53. Bg7# {Black
checkmated} 1-0

[Event "Team 45 45 League T51"]
[Site "Internet Chess Club"]
[Date "2011.12.11"]
[Round "5"]
[White "Goli"]
[Black "Eyechess"]
[Result "0-1"]
[WhiteElo "1860"]
[BlackElo "2001"]
[Opening "Tennison (Lemberg, Zukertort) gambit"]
[ECO "B01"]
[Time "15:00:52"]
[TimeControl "2700+45"]

1. e4 d5 2. Nf3 dxe4 3. Ng5 Nf6 4. Nc3 Qd4 5. Nb5 Qe5 6. Bc4 Qxg5 7. Nxc7+ Kd8
8. Nxa8 Qxg2 9. Rf1 Bh3 10. d4 Qxh2 11. Be3 Bxf1 12. Bxf1 Nbd7 13. Qd2 Qb8 14.
Qa5+ b6 15. Nxb6 Qxb6 16. Qc3 Nd5 17. Qc4 Qxb2 18. Rd1 Qc3+ 19. Bd2 Qxc4 20.
Bxc4 e6 21. Rb1 N5b6 22. Bb3 h5 23. Ke2 h4 24. Ke3 Nf6 25. a4 h3 26. a5 Nbd5+
27. Ke2 h2 28. Rh1 Bd6 29. c4 Nf4+ 30. Kf1 Rh3 31. Ba4 Ra3 32. Bb5 Ra1+ 33. Be1
Bb4 34. Rxh2 Rxe1# {White checkmated} 0-1

[Event "Team 45 45 League T51"]
[Site "Internet Chess Club"]
[Date "2011.12.12"]
[Round "5"]
[White "puma"]
[Black "randallsr"]
[Result "1/2-1/2"]
[WhiteElo "1674"]
[BlackElo "1683"]
[Opening "King's Indian: Torre attack"]
[ECO "A48"]
[Time "13:18:38"]
[TimeControl "2700+45"]

1. d4 Nf6 2. Nf3 g6 3. Bg5 Bg7 4. Nbd2 d6 5. e3 O-O 6. Be2 c5 7. c3 b5 8. a4 Bd7
9. axb5 Qb6 10. dxc5 dxc5 11. Qb3 Be6 12. Bc4 Bxc4 13. Qxc4 a6 14. O-O axb5 15.
Qb3 Nbd7 16. h3 Ra5 17. Ra3 Rfa8 18. Rfa1 Qc7 19. Rxa5 Rxa5 20. Rxa5 Qxa5 21.
Qd1 h6 22. Bh4 c4 23. Nd4 Nc5 24. Nc6 Qc7 25. Nb4 Qd7 26. Qc2 g5 27. Bg3 Nd5 28.
Na2 Qa7 29. Nc1 Qa1 30. Qb1 Qa4 31. Ne2 Nb3 32. Qd1 Nxd2 33. Qxd2 Qa1+ 34. Kh2
Qa8 35. e4 Nf6 36. f3 h5 37. Qxg5 Qd8 38. Nd4 e6 39. Qxb5 h4 40. Bf2 Qd6+ 41. e5
Qc7 42. Bxh4 Nd5 43. Bg3 Bxe5 44. Ne2 f5 45. Qe8+ Kg7 46. Qxe6 f4 47. Qg4+ Kf7
48. Qf5+ Kg8 49. Qe6+ Kg7 50. Bh4 Ne3 51. Qe7+ Qxe7 52. Bxe7 Kg6 53. Bc5 Nd1 54.
Ba3 Ne3 55. Kg1 Bc7 56. Nd4 Bb6 57. Kf2 Nf5 58. Ke1 Nxd4 59. cxd4 Bxd4 60. Kd2
Bf6 61. Bb4 Kh5 62. Bd6 Bg5 63. Kc3 Kh4 64. Kxc4 Kg3 65. b4 Kxg2 66. b5 Kxf3 67.
b6 Kg2 68. Bxf4 Bxf4 69. h4 Kh3 70. h5 Kh4 71. h6 Bxh6 72. Kc5 Be3+ 73. Kc4 Bxb6
{Game drawn because neither player has mating material} 1/2-1/2

[Event "Team 45 45 League T51"]
[Site "Internet Chess Club"]
[Date "2011.12.11"]
[Round "5"]
[White "qs16"]
[Black "whiskeytown"]
[Result "0-1"]
[WhiteElo "1657"]
[BlackElo "1471"]
[Opening "Queen's pawn: stonewall attack"]
[ECO "A45"]
[Time "14:00:25"]
[TimeControl "2700+45"]

1. d4 Nf6 2. e3 d5 3. Bd3 e6 4. Nd2 c5 5. c3 Nc6 6. f4 Bd6 7. Ngf3 O-O 8. O-O
cxd4 9. cxd4 Nb4 10. Bb1 Bd7 11. a3 Na6 12. Ne5 Nb8 13. Rf3 g6 14. Rh3 Nc6 15.
Qf3 Ne7 16. Qg3 Nf5 17. Bxf5 exf5 18. Qh4 h5 19. Ndf3 Ne4 20. Qe1 Kg7 21. Nxd7
Qxd7 22. Bd2 Rac8 23. Bb4 Bxb4 24. Qxb4 Rc2 25. Ne5 Qc7 26. Rf3 Rc8 27. h3 Re2
28. Re1 Qc2 29. Rxe2 Qxe2 30. Qxb7 Qe1+ 31. Rf1 Qxe3+ 32. Kh2 Qg3+ 33. Kh1 Rc2
34. Qxf7+ Kh6 35. Qf8+ Kh7 36. Qe7+ Kh8 37. Qf6+ Nxf6 {White resigns} 0-1